 Dungeon Crawl Stone Soup version 0.28-a0-984-g3775c662fe (webtiles) character file.

Game seed: 567273808757008429

5 fragbeetle the Ruffian (level 1, -2/18 HPs)
             Began as a Naga Transmuter on Dec 4, 2021.
             Slain by a kobold (5 damage)
             ... on level 1 of the Dungeon.
             The game lasted 00:00:32 (359 turns).

fragbeetle the Ruffian (Naga Transmuter)             Turns: 359, Time: 00:00:33

Health: -2/18      AC:  1    Str: 12    XL:     1   Next: 80%
Magic:  2/3        EV:  9    Int: 13    God:
Gold:   5          SH:  0    Dex: 11    Spells: 3/4 levels left

rFire   . . .      SeeInvis +     - Unarmed
rCold   . . .      Faith    .   (no shield)
rNeg    . . .      Spirit   .   a - +0 robe
rPois   +          Reflect  .   (no helmet)
rElec   .          Harm     .   (no cloak)
rCorr   .          Rampage  .   (no gloves)
Will    .....                   (no barding)
Stlth   +.........              (no amulet)
HPRegen 0.06/turn               (no ring)
MPRegen 0.08/turn               (no ring)

@: very slow
A: AC +0, large, see invisible, deformed body, poison resistance, slowness 2,
spit poison 1, naga tail 1
a: Spit Poison


You were on level 1 of the Dungeon.
You visited 1 branch of the dungeon, and saw 1 of its levels.

You collected 5 gold pieces.

Inventory:

Armour
 a - a +0 robe (worn)


   Skills:
 + Level 1.1 Fighting
 + Level 1.5 Dodging
 + Level 3.1 Unarmed Combat
 + Level 2.1 Spellcasting
 + Level 2.1 Transmutations


You had 3 spell levels left.
You knew the following spells:

 Your Spells              Type           Power      Damage    Failure   Level
a - Beastly Appendage     Tmut           12%        N/A       11%         1

Your spell library contained the following spells:

 Spells                   Type           Power      Damage    Failure   Level
 Wereblood                Tmut           6%         N/A       16%         2
 Spider Form              Tmut/Pois      4%         N/A       43%         3
 Ice Form                 Ice/Tmut       4%         N/A       85%         4


Dungeon Overview and Level Annotations

Branches:
Dungeon (1/15)

Altars:


Innate Abilities, Weirdness & Mutations

Your serpentine skin is tough. (AC +0)
You have supernaturally acute eyesight. (SInv)
Armour fits poorly on your strangely shaped body.
Your system is resistant to poisons. (rPois)
You cover ground very slowly.
You can spit poison.
You have a snake-like lower body.


Message History

Casting: Beastly Appendage (safe; 11% risk of failure)
Confirm with . or Enter, or press ? or * to list all spells.
You grow a pair of large bovine horns.
The frilled lizard hisses angrily.
You hit the kobold but do no damage. The bat hits you.
The kobold hits you with a +0 dagger.
A kobold comes into view. It is wielding a +0 short sword.
You hit the kobold but do no damage. The bat closely misses you.
The kobold hits you with a +0 dagger.
You barely miss the kobold.
Your transformation is almost over.
The bat completely misses you. The kobold hits you with a +0 dagger.
You hit the kobold.
You kill the kobold!
The bat hits you.
Your magical contamination has completely faded away.
You completely miss the bat. The bat barely misses you.
The frilled lizard bites you.
You hit the bat.
The bat is heavily wounded.
The bat hits you. The frilled lizard bites you.
* * * LOW HITPOINT WARNING * * *
You hit the frilled lizard.
You kill the frilled lizard!
The bat hits you.
* * * LOW HITPOINT WARNING * * *
The bat hits you but does no damage. The kobold barely misses you.
You closely miss the kobold. The bat hits you.
* * * LOW HITPOINT WARNING * * *
The kobold misses you.
You miss the bat.
The bat is moderately wounded.
The bat hits you but does no damage. The kobold closely misses you.
You closely miss the kobold.
You headbutt the kobold, but do no damage.
You closely miss the kobold.
Your horns disappear.
The bat closely misses you.
The kobold hits you with a +0 short sword.
You die...

.#. # ..#... .... # #
...?.. ....# # ###.
.....## ##...### .....
...... ........
.....###...# ##..#.##
.....b#.... ..........
......)..# B.#####.#.
......K@.# ...........
.........#### ..#####...
$.........(.##.........#
####.....##..#..#####..#
#.....###..#.........
#.....# ##.#.#####...
#.....# #.#........#
#.....# #...#####..#
#.....# #..#.......##


You could see a bat and a kobold.

Vanquished Creatures
  2 endoplasms (D:1)
  A hobgoblin (D:1)
  A frilled lizard (D:1)
  A kobold (D:1)
5 creatures vanquished.

Notes
Turn   | Place    | Note
-------+----------+-------------------------------------------
     0 | D:1      | fragbeetle the Naga Transmuter began the quest for the Orb.
     0 | D:1      | Reached XP level 1. HP: 18/18 MP: 3/3
   359 | D:1      | Slain by a kobold

Illustrated notes

Levels and vault maps discovered:
D:1:      matt_arrival_spirals, layout_rooms, minmay_misc_feat_rows

Action                   || total
-------------------------++-------
Melee: Unarmed           ||    16
       Headbutt          ||     2
 Cast: Beastly Appendage ||     3
Armor: Robe              ||     4
Dodge: Dodged            ||     8

Table legend: (Time is in decaauts)
 A = Elapsed time spent in this place.
 B = Non-inter-level travel time spent in this place.
 C = Inter-level travel time spent in this place.
 D = Time resting spent in this place.
 E = Time spent auto-exploring this place.
 F = Levels seen in this place.
 G = Mean time per level.
                   A        B        C        D        E       F      G
               +--------+--------+--------+--------+--------+-----+--------+
         Total |    398 |    398 |      0 |    232 |     91 |   1 |  398.0 |
       Dungeon |    398 |    398 |      0 |    232 |     91 |   1 |  398.0 |
               +--------+--------+--------+--------+--------+-----+--------+

Top non-repeatable levels by time:
     D:1: 398 daAuts
